cohdb
Replays
Latest Replays
All Replays
Popular Replays
Top Player Replays
Match Explorer
How It Works
Community
CoH3 Stats
Reddit
Sign in to upload your games and track your stats! →
Sign in with Steam
Match 44028022
Unlisted
Match 44028022
Overview
Messages
Build Orders
End
Kettenkrad Recon Vehicle
Construct Infanterie Kompanie
MG 42 Machine Gun Team
MG 42 Machine Gun Team
Selects Terror Battlegroup
Selects Machine Gun Camouflage
GrW 34 Mortar Team
Grenadier Squad
Pioneer Squad
Construct Luftwaffe Kompanie
Construct Luftwaffe Kompanie
Forward Retreat Point
Medical Bunker
Jäger Squad
221 Scout Car
Jäger Squad
Jäger Squad
Selects Defend the Fatherland
Forward Retreat Point
Construct Panzer Kompanie
Selects Contempt for the Weak
Selects Propaganda Leaflet Drop
Propaganda Leaflet Drop
Panzer IV Medium Tank
MG 42 Bunker
Side Skirts
rockkiller31
RaRBoszZ
Rommel
gihof NAFO
dan legend
Max
max
Phantom
0
0
Comments
sign in to comment!
No comments posted yet!